 Dungeon Crawl Stone Soup version 0.15-a0-881-g6f76ed4 (webtiles) character file.

175 zercules the Slasher (level 5, -4/38 HPs)
             Began as a Demonspawn Gladiator on May 17, 2014.
             Was a Follower of Ashenzari.
             Slain by GreatCaesar's ghost (16 damage)
             ... on Level 4 of the Dungeon.
             The game lasted 00:16:02 (3848 turns).

zercules the Slasher (Demonspawn Gladiator)         Turns: 3848, Time: 00:16:02

HP  -4/38        AC  6     Str 20      XL: 5   Next: 29%
MP   5/5         EV 12     Int 11      God: Ashenzari [*.....]
Gold 116         SH  0     Dex 13      Spells:  0 memorised,  4 levels left

rFire  . . .     SeeInvis .     a - +0 long sword
rCold  . . .     Clarity  +     b - +0 leather armour
rNeg   . . .     Conserve .     (no shield)
rPois  .         rCorr    .     c - +0 helmet
rElec  .         rRot     .     (no cloak)
SustAb .         Spirit   .     (no gloves)
rMut   .         Warding  .     (no boots)
Gourm  .         Stasis   .     r - amulet of clarity {Clarity, !d}
MR     .....                    (no ring)
                                (no ring)

@: mighty, not resistant to hostile enchantments, very unstealthy
A: thin metallic scales 1, powered by pain 1
a: Renounce Religion


You were on level 4 of the Dungeon.
You worshipped Ashenzari.
Ashenzari was aware of your devotion.
You were not hungry.

You visited 1 branch of the dungeon, and saw 4 of its levels.

You collected 116 gold pieces.

Inventory:

Hand weapons
 a - a +0,+0 long sword (weapon)
Missiles
 d - 3 throwing nets {=f, !d}
 p - 29 poisoned needles
 v - 10 sling bullets of frost
 E - 9 arrows of dispersal {=f}
Armour
 b - a +0 leather armour (worn)
 c - a +0 helmet (worn)
Magical devices
 B - a wand of enslavement (17)
   (You found it on level 3 of the Dungeon)
 F - a wand of flame (7)
   (You found it on level 3 of the Dungeon)
Comestibles
 f - 4 bread rations
 h - 2 pears
 k - a choko
 K - 2 rotting chunks of worker ant flesh
 L - a rotting chunk of bat flesh
Scrolls
 j - a scroll of immolation {unknown}
 q - a scroll of noise {unknown}
 s - 2 scrolls of enchant weapon I {unknown}
 t - a scroll of amnesia {unknown}
 u - 2 scrolls of remove curse
 w - a scroll of fog {unknown}
 x - 2 scrolls of teleportation {unknown}
 y - a scroll of random uselessness {unknown}
 G - a scroll of fear {unknown}
 M - a scroll of magic mapping {unknown}
Jewellery
 r - an amulet of clarity (around neck) {Clarity, !d}
   (You found it on level 2 of the Dungeon)
 I - an uncursed ring of wizardry {wiz+, !d}
   (You found it on level 3 of the Dungeon)
Potions
 e - a potion of heal wounds {unknown}
 g - a potion of restore abilities {unknown}
 i - a potion of lignification {unknown}
 l - a potion of degeneration {unknown}
 m - 2 potions of magic
 n - 3 potions of curing
 o - a potion of beneficial mutation {unknown}
 z - 2 potions of agility {unknown}
 A - a potion of mutation {unknown}
 H - a potion of might {unknown}
 N - 2 potions of paralysis {unknown}
Books
 D - a book of Hinderance
   (You found it on level 4 of the Dungeon)
 J - a book of the Sky
   (You found it on level 3 of the Dungeon)


   Skills:
 - Level 2.0 Fighting
 + Level 5.5 Long Blades
 - Level 1.7 Throwing
 - Level 2.6 Dodging


You had 4 spell levels left.
You didn't know any spells.

Dungeon Overview and Level Annotations

Branches:
Dungeon (4/15)
 Temple: D:4-7

Altars:
Ashenzari
Okawaru

Annotations:
D:4 GreatCaesar's ghost, average TrAr


Innate Abilities, Weirdness & Mutations

You are partially covered in thin metallic scales (AC +2).
You sometimes gain a little power by taking damage.


Message History

You take 1 damage, and have 10/38 hp.
Things that are here:
a worm corpse; a worker ant corpse Drink which item? (? for menu, Esc to quit)
Okay, then.
Read which item? (? for menu, Esc to quit)
As you read the scroll labeled AKAAT SIDWEJA, it crumbles to dust.
It is a scroll of identify.
Identify which item? (\ to view known items) (? for menu, Esc to quit)
n - 5 potions of curing You feel sick.
You take 1 damage, and have 9/38 hp.
Drink which item? (? for menu, Esc to quit)
You feel better.
You regained 6 hp, and now have 15/38 hp.
Read which item? (? for menu, Esc to quit)
Identify which item? (\ to view known items) (? for menu, Esc to quit)
As you read the scroll of identify, it crumbles to dust.
m - 2 potions of magic You start resting.
Eating a chunk of hobgoblin flesh.
This raw flesh tastes terrible.
You continue eating. x2
You regained 12 hp, and now have 28/38 hp.
You start resting.
You smell something rotten. (slot L)
You regained 3 hp, and now have 31/38 hp.
A jackal comes into view.
The jackal barks!
A jackal comes into view.
You regained 3 hp, and now have 34/38 hp.
The puff of flame hits the jackal.
F - a wand of flame {zapped: 1} The jackal is charmed.
B - a wand of enslavement {zapped: 1} A bat comes into view.
The bat hits you.
Your jackal misses the bat. The jackal bites your jackal.
Your jackal is killed!
You take 1 damage, and have 34/38 hp.
You miss the bat. The bat hits you but does no damage.
The bat barely misses you.
You slash the bat!
You kill the bat!
You hit the jackal. The jackal bites you. The jackal barely misses you.
You take 3 damage, and have 31/38 hp.
You hit the jackal but do no damage. The jackal closely misses you.
You closely miss the jackal. The jackal closely misses you.
The jackal closely misses you.
You hit the jackal.
You kill the jackal!
There is an open door here.
You start resting.
You are feeling hungry.
Eat which item? (? for menu, Esc to quit)
Okay, then.
You may need something to eat soon, looking for food.
You open the door.
There is an open door here.
Things that are here:
a worm corpse; a worker ant corpse You start butchering the worm corpse.
You continue butchering the corpse.
You continue butchering the corpse. x2
You finish butchering the worm corpse.
C - a chunk of worm flesh You see here a worker ant corpse.
You start butchering the worker ant corpse.
You continue butchering the corpse. x3
You finish butchering the worker ant corpse.
K - 2 chunks of worker ant flesh Eating a chunk of worm flesh.
This raw flesh tastes terrible.
You continue eating. x2
There is an open door here.
There is an open door here.
s - 2 scrolls labeled EHUXZUX UGYH (gained 1)
You smell decay.
Yuck! (slot K) GreatCaesar's ghost (average Troll Artificer) comes into view.
Health restored: 38 GreatCaesar's ghost lets out a mournful wail.
GreatCaesar's ghost hits you but does no damage.
You hit GreatCaesar's ghost. GreatCaesar's ghost hits you.
You take 5 damage, and have 33/38 hp.
You barely miss GreatCaesar's ghost. GreatCaesar's ghost hits you.
You take 3 damage, and have 30/38 hp.
You hit GreatCaesar's ghost. GreatCaesar's ghost misses you.
You slash GreatCaesar's ghost! GreatCaesar's ghost hits you!
You focus on the pain.
You feel very mighty all of a sudden.
You take 14 damage, and have 16/38 hp.
MASSIVE DAMAGE!!
Okay, then.
The puff of flame hits GreatCaesar's ghost.
GreatCaesar's ghost resists.
GreatCaesar's ghost hits you!
* * * LOW HITPOINT WARNING * * *
You take 12 damage, and have 4/38 hp.
MASSIVE DAMAGE!!
Drink which item? (? for menu, Esc to quit)
You feel better. GreatCaesar's ghost closely misses you.
You regained 8 hp, and now have 12/38 hp.
You hit GreatCaesar's ghost but do no damage.
GreatCaesar's ghost misses you. GreatCaesar's ghost hits you!
You die...

..'.........'.......#
###.........####...##
##.......## ##..#
##.....## ##.#
##...## #.#
#'##########.##### .
#.............#
###.###.###.#
##.##.###..@W.#
..........###.#
......###.###.###.#
...#.............# #
###############


You could see GreatCaesar's ghost.

Vanquished Creatures
  A worker ant (D:4)
  Jessica (D:3)
  4 adders
  An inept item mimic (D:3)
  A worm (D:4)
  8 giant geckos
  An ooze (D:1)
  5 orcs (D:3)
  7 bats
  A giant cockroach (D:1)
  3 goblins
  8 hobgoblins
  A ball python (D:1)
  5 giant newts
  12 jackals
  10 kobolds
  4 rats
73 creatures vanquished.

Notes
Turn   | Place    | Note
--------------------------------------------------------------
     0 | D:1      | zercules, the Demonspawn Gladiator, began the quest for the Orb.
     0 | D:1      | Reached XP level 1. HP: 16/16 MP: 1/1
    37 | D:1      | Reached skill level 3 in Long Blades
   219 | D:1      | Gained mutation: You sometimes gain a little power by taking damage. [demonic ancestry]
   219 | D:1      | Reached XP level 2. HP: 22/22 MP: 2/2
  1068 | D:1      | Reached XP level 3. HP: 17/27 MP: 3/3
  1397 | D:2      | Found a shattered altar of Ashenzari.
  1406 | D:2      | Reached skill level 4 in Long Blades
  1413 | D:2      | Became a worshipper of Ashenzari the Shackled
  2141 | D:3      | Gained mutation: You are partially covered in thin metallic scales (AC +2). [demonic ancestry]
  2141 | D:3      | Reached XP level 4. HP: 28/33 MP: 4/4
  2272 | D:3      | Found an iron altar of Okawaru.
  2619 | D:3      | Noticed Jessica
  2640 | D:3      | Killed Jessica
  2640 | D:3      | Reached skill level 5 in Long Blades
  3323 | D:4      | Reached XP level 5. HP: 28/38 MP: 5/5
  3613 | D:4      | HP: 9/38 [poisoned by a worker ant]
  3838 | D:4      | Noticed GreatCaesar's ghost (average TrAr)
  3845 | D:4      | HP: 4/38 [GreatCaesar's ghost (12)]
  3848 | D:4      | Slain by GreatCaesar's ghost

Action                   |  1- 3 |  4- 6 || total
-------------------------+-------+-------++-------
Melee: Long sword        |   161 |   138 ||   299
Throw: Dart              |     7 |       ||     7
Evoke: Wand              |       |     3 ||     3
  Use: Scroll            |       |     2 ||     2
       Potion            |       |     2 ||     2

Vault maps used:
D:1:      lightli_arrival_lavapool
D:2:      old_standard_altar
D:3:      okawaru_metal_pillars_1_2, uniq_jessica
D:4:      yredelemnul_altar_generic, first_bread

Table legend:
 A = Turns spent in this place as a percentage of turns spent in the entire game.
 B = Non-inter-level travel turns spent in this place as a percentage of non-inter-level travel turns spent in the entire game.
 C = Inter-level travel turns spent in this place as a percentage of turns spent in this place.
 D = Turns resting spent in this place as a percentage of non-inter-level travel turns spent in this place.
 E = Turns spent auto-exploring this place as a percentage of non-inter-level travel turns spent in this place.
 F = Non-inter-level travel turns spent in this place divided by the number of levels of this place that you've seen.
                   A       B       C       D       E      F
               +-------+-------+-------+-------+-------+----------------------
         Total | 100.0 | 100.0 |   1.0 |   2.6 |   8.0 | 296.0
       Dungeon | 100.0 | 100.0 |   1.0 |   2.6 |   8.0 | 296.0
               +-------+-------+-------+-------+-------+----------------------

Table legend:
 A = Kills in this place as a percentage of kills in entire the game.
 B = Kills by you in this place as a percentage of kills by you in the entire game.
 C = Kills by friends in this place as a percentage of kills by friends in the entire game.
 D = Other kills in this place as a percentage of other kills in the entire game.
 E = Experience gained in this place as a percentage of experience gained in the entire game.
 F = Experience gained in this place divided by the number of levels of this place that you have seen.
                   A       B       C       D       E      F
               +-------+-------+-------+-------+-------+----------------------
         Total | 100.0 | 100.0 |  -nan | 100.0 | 100.0 |  62.8
       Dungeon | 100.0 | 100.0 |  -nan | 100.0 | 100.0 |  62.8
               +-------+-------+-------+-------+-------+----------------------
